 Dungeon Crawl Stone Soup version 0.27.1 (webtiles) character file.

Game seed: 12149591583640606194

1687 RandomAHole the Ruffian (level 8, -6/78 HPs)
             Began as a Troll Fighter on Aug 27, 2021.
             Was a Follower of Elyvilon.
             Mangled by a two-headed ogre (9 damage)
             ... on level 8 of the Dungeon.
             The game lasted 00:17:52 (3585 turns).

RandomAHole the Ruffian (Troll Fighter)             Turns: 3585, Time: 00:17:53

Health: -6/78      AC:  7    Str: 25    XL:     8   Next: 71%
Magic:  7/7        EV: 13    Int:  4    God:    Elyvilon [*.....]
Gold:   321        SH:  0    Dex: 17    Spells: 7/7 levels left

rFire    . . .     SeeInvis +     - Unarmed
rCold    + . .     Faith    .   (no shield)
rNeg     . . .     Spirit   .   j - +0 steam dragon scales
rPois    .         Reflect  .   (helmet restricted)
rElec    .         Harm     .   (no cloak)
rCorr    .         Rampage  .   (gloves unavailable)
Will     .....                  (boots unavailable)
Stlth    +.........             (no amulet)
HPRegen  1.23/turn              m - ring "Ivu Ushri" {rC+ Dex+6 Slay+3 SInv Stlth-}
MPRegen  0.10/turn              (no ring)

@: no status effects
A: large, unfitting armour, claws 3, regeneration 1, shaggy fur 1, tough skin 1
a: Renounce Religion, Lesser Healing, Divine Protection


You were on level 8 of the Dungeon.
You worshipped Elyvilon.
Elyvilon was aware of your devotion.
You visited 2 branches of the dungeon, and saw 7 of its levels.

You collected 321 gold pieces.

Inventory:

Armour
 j - +0 steam dragon scales (worn)
 n - a +2 robe of fire resistance
Jewellery
 m - the ring "Ivu Ushri" (left claw) {rC+ Dex+6 Slay+3 SInv Stlth-}
   (You acquired it on level 7 of the Dungeon)

   [ring of dexterity]

   Dex:       It affects your dexterity (+6).
   Slay:      It affects your accuracy & damage with ranged weapons and melee
   (+3).
   rC:        It protects you from cold.
   SInv:      It lets you see invisible.
   Stlth:     It makes you less stealthy.
Scrolls
 b - 2 scrolls of teleportation
 e - a scroll of enchant armour
 f - 2 scrolls of blinking
 h - a scroll of fear
 l - a scroll of enchant weapon
 p - a scroll of magic mapping
Potions
 c - 2 potions of might
 d - a potion of magic
 g - 3 potions of lignification
 i - a potion of ambrosia
 k - a potion of curing
 q - 2 potions of attraction


   Skills:
 + Level 3.7 Fighting
 * Level 6.9 Dodging
 - Level 0.2 Stealth
 - Level 2.7 Shields
 + Level 7.3 Unarmed Combat


You had 7 spell levels left.
You didn't know any spells.
Your spell library contained the following spells:

 Spells                   Type           Power      Damage    Failure   Level
 Blink                    Tloc           N/A        N/A       65%         2
 Lesser Beckoning         Tloc           0%         N/A       86%         3
 Manifold Assault         Tloc           0%         N/A       100%        5


Dungeon Overview and Level Annotations

Branches:
Dungeon (8/15)             Temple (1/1) D:4
   Lair: D:8-11

Altars:
Ashenzari
Cheibriados
Dithmenos
Elyvilon
Fedhas
Gozag
Hepliaklqana
Kikubaaqudgha
Nemelex Xobeh
Okawaru
Qazlal
Ru
Sif Muna
Trog
Uskayaw
Vehumet
Wu Jian
Xom
Yredelemnul
Zin
The Shining One


Innate Abilities, Weirdness & Mutations

You are too large for most types of armour.
You have claws for hands.
Your natural rate of healing is unusually fast.
You are covered in fur. (AC +1)
You have tough skin. (AC +1)


Message History

A sky beast comes into view.
There is an open door here.
You mangle the sky beast!!
The sky beast is severely wounded.
The sky beast hits you but does no damage.
You mangle the sky beast!!
You kill the sky beast!
You see here a sky beast corpse.
You open the door.
There is an open door here.
You hear a distant slurping noise.
You see here a +0 leather armour.
A two-headed ogre comes into view. It is wielding two +0 giant clubs.
The two-headed ogre shouts in stereo!
The two-headed ogre closely misses you. The two-headed ogre barely misses you.
You scratch the two-headed ogre.
The two-headed ogre is lightly wounded.
You claw the two-headed ogre!
The two-headed ogre is moderately wounded.
The two-headed ogre barely misses you. x2
You scratch the two-headed ogre but do no damage.
The two-headed ogre is moderately wounded.
The two-headed ogre closely misses you. x2
You barely miss the two-headed ogre.
You claw the two-headed ogre, but do no damage.
The two-headed ogre is moderately wounded.
You claw the two-headed ogre!
The two-headed ogre is heavily wounded.
The two-headed ogre closely misses you.
The two-headed ogre hits you with a +0 giant club!!
You claw the two-headed ogre!
The two-headed ogre is severely wounded.
The two-headed ogre hits you with a +0 giant club!!
The two-headed ogre closely misses you.
You barely miss the two-headed ogre.
The two-headed ogre is severely wounded.
The two-headed ogre hits you with a +0 giant club!!
* * * LOW HITPOINT WARNING * * *
The two-headed ogre hits you with a +0 giant club!
You die...

#######.###
#.# #.# ##.
##.#####....
##...#.......
#......#
##...#.#
....#.##.##.#
###.....@...#
###.##O####
#+##.# #.#
... ..# ...
....


You could see a two-headed ogre.

Vanquished Creatures
  A komodo dragon (D:7)
  A wraith (D:7)
  3 steam dragons (D:7)
  A water moccasin (D:7)
  Duvessa (D:7)
  A sky beast (D:8)
  An ogre (D:7)
  Dowan (D:7)
  A scorpion (D:7)
  A wyvern skeleton (D:7)
  A centaur zombie (D:7)
  An orc priest (D:3)
  A bullfrog zombie (D:4)
  A hound (D:7)
  6 orc wizards
  A hound skeleton (D:4)
  A howler monkey zombie (D:7)
  4 gnolls (D:4)
  4 adders
  2 worms (D:2)
  13 orcs
  4 ball pythons
  5 endoplasms
  5 giant cockroaches (D:1)
  7 goblins
  11 hobgoblins
  2 jackals (D:3)
  2 quokkas (D:2)
  5 bats
  8 frilled lizards
  7 kobolds
  5 rats (D:3)
108 creatures vanquished.

Vanquished Creatures (others)
  2 orcs (D:7)
2 creatures vanquished.

Grand Total: 110 creatures vanquished

Notes
Turn   | Place    | Note
-------+----------+-------------------------------------------
     0 | D:1      | RandomAHole the Troll Fighter began the quest for the Orb.
     0 | D:1      | Reached XP level 1. HP: 22/22 MP: 0/0
   160 | D:1      | Reached XP level 2. HP: 29/29 MP: 1/1
   856 | D:2      | Reached XP level 3. HP: 36/36 MP: 2/2
  1288 | D:2      | You fall into a shaft and drop 1 floor!
  1308 | D:3      | Reached XP level 4. HP: 12/44 MP: 3/3
  1567 | D:3      | Reached skill level 3 in Unarmed Combat
  1930 | D:3      | Reached XP level 5. HP: 22/52 MP: 4/4
  2253 | D:4      | Found a staircase to the Ecumenical Temple.
  2268 | D:4      | Reached skill level 4 in Unarmed Combat
  2311 | Temple   | Entered the Ecumenical Temple
  2443 | Temple   | Became a worshipper of Elyvilon the Healer
  2566 | D:4      | Reached XP level 6. HP: 61/61 MP: 5/5
  2658 | D:4      | You fall into a shaft and drop 3 floors!
  2660 | D:7      | Noticed a wraith
  2660 | D:7      | Noticed a steam dragon
  2680 | D:7      | Killed a wraith
  2689 | D:7      | Killed a steam dragon
  2690 | D:7      | Reached skill level 5 in Unarmed Combat
  2690 | D:7      | Reached XP level 7. HP: 19/67 MP: 6/6
  2695 | D:7      | Noticed a steam dragon
  2711 | D:7      | Noticed a komodo dragon
  2739 | D:7      | Killed a steam dragon
  2746 | D:7      | Killed a komodo dragon
  2747 | D:7      | Reached skill level 5 in Dodging
  2747 | D:7      | Reached skill level 6 in Unarmed Combat
  2818 | D:7      | Reached * piety under Elyvilon
  2822 | D:7      | Reached XP level 8. HP: 69/75 MP: 7/7
  2902 | D:7      | Found a shimmering altar of Xom.
  3007 | D:7      | Noticed Duvessa
  3007 | D:7      | Noticed Dowan
  3015 | D:7      | Killed Duvessa
  3030 | D:7      | Killed Dowan
  3031 | D:7      | Reached skill level 7 in Unarmed Combat
  3317 | D:7      | Identified a scroll of acquirement
  3317 | D:7      | Acquired the ring "Ivu Ushri" {rC+ Dex+6 Slay+3 SInv
                  | Stlth-}
  3575 | D:8      | Noticed a two-headed ogre
  3585 | D:8      | HP: 3/78 [two-headed ogre (30)]
  3585 | D:8      | Mangled by a two-headed ogre

Illustrated notes

Levels and vault maps discovered:
D:1:      dpeg_chamrin_arrival_tetris, layout_basic
D:2:      layout_loops_cross
D:3:      layout_loops_ring, minmay_fractal_squares_gapless_5
D:4:      cheibrodos_pilgrimage, layout_rooms, minmay_temple_entry_wispy,
          minmay_surrounded
D:7:      layout_cave_pools, mainiacjoe_overflow_paths, uniq_duvessa
D:8:      layout_loops_corners
Temple:   regret_index_temple_chain_breaker

Skill      XL: |  1  2  3  4  5  6  7  8 |
---------------+-------------------------+-----
Dodging        | 3 4 5 6 |  6.9
Unarmed Combat | 3 4 5 6 7 |  7.3
Fighting       | 3 |  3.7
Stealth        | |  0.2
Shields        | |  2.7

Action                   |  1- 3 |  4- 6 |  7- 9 || total
-------------------------+-------+-------+-------++-------
Melee: Unarmed           |   124 |   148 |    77 ||   349
       Punch             |     1 |     3 |     3 ||     7
  Use: Scroll            |     4 |     6 |     5 ||    15
       Potion            |       |     1 |       ||     1
 Stab: Sleeping          |       |     2 |       ||     2
Armor: Robe              |    53 |    63 |    38 ||   154
       Steam dragon scal |       |       |     4 ||     4
Dodge: Dodged            |    76 |    86 |    49 ||   211
